Sewer Rats vs Inferno
(R1)
Created - 10 mars 2013 at 21:05
Goals
|
| Sewer Rats |
3 |
1 |
3 |
7 |
| Inferno |
2 |
0 |
1 |
3 |
|
Shots
|
| Sewer Rats |
18 |
5 |
6 |
29 |
| Inferno |
11 |
6 |
11 |
28 |
|
1st period
1. Sewer Rats , Eric Fehr 32 (Mike Rathje, Bryan Little) at 1:53
2. Sewer Rats , Eric Fehr 33 (Bryan Little) at 7:02
3. Sewer Rats , Bryan Little 24 (Eric Fehr, Karel Rachunek) at 11:59
4. Inferno , Jay Pandolfo 19 (Branko Radivojevic, Mikhail Grabovski) at 13:59
5. Inferno , Brian Boyle 12 (Jay Pandolfo) at 14:43 (PP)
Penalties :
Brandon Sutter (Tol) for Hooking (Minor) at 2:39, Derick Brassard (Tol) for High sticking (Minor) at 8:08, Bryan Little (Tol) for Hooking (Minor) at 14:10
2nd period
6. Sewer Rats , Max Pacioretty 13 (John-Michael Liles, Eric Fehr) at 9:02 (PP)
Penalties :
Vladimir Zharkov (Anc) for Hooking (Minor) at 8:46, Matt Smaby (Anc) for Fighting (Major) at 9:07, Matt Lashoff (Tol) for Fighting (Major) at 9:07, Matt Smaby (Anc) for instigated a fight (Minor) at 9:07, Matt Smaby (Anc) for instigated a fight (10 Minutes Misconduct) at 9:07, Brad Marchand (Anc) for Tripping (Minor) at 10:37, Bryan Little (Tol) for Slashing (Minor) at 10:37, Lars Eller (Tol) for Roughing (Minor) at 13:19, Brayden Irwin (Anc) for Cross-checking (Minor) at 15:57, Jay Pandolfo (Anc) for Interference (Minor) at 18:36
3rd period
7. Sewer Rats , Bryan Little 25 (Karel Rachunek, Eric Fehr) at 0:48
8. Sewer Rats , Eric Fehr 34 (Max Pacioretty, John-Michael Liles) at 2:00
9. Inferno , Vladimir Sobotka 7 (Andrej Sekera) at 2:49
10. Sewer Rats , Eric Fehr 35 (Bryan Little) at 8:45 (PP)
Penalties :
Mark Mancari (Tol) for High sticking (Minor) at 6:25, Matt Smaby (Anc) for Holding (Minor) at 8:43, Brad Marchand (Anc) for Interference (Minor) at 14:08, Ville Leino (Tol) for Hooking (Minor) at 18:48
Goalie Stats
Jonas Gustavsson (Tol), 25 saves from 28 shots - (0,893), W, 17-9-2, 60:00 minutes
Chris Holt (Anc), 3 saves from 5 shots - (0,600), 19:12 minutes
Jonathan Boutin (Anc), 19 saves from 24 shots - (0,792), L, 9-5-0, 40:48 minutes
Players Stats for Sewer Rats
Player Name G A P +/- PIM S H SB GA TA FO MP PP MP PK MP
------------------------------------------------------------------------------------
Antti Laaksonen 0 0 0 -1 0 0 0 0 0 0 0/0 11:45 0:11 3:57
Brandon Sutter 0 0 0 -1 2 1 1 0 0 0 2/10 12:13 0:11 4:02
Bryan Little 2 3 5 5 4 6 1 2 2 0 17/34 20:11 4:47 1:15
Derek Dorsett 0 0 0 0 0 0 0 0 0 0 0/0 6:22 0:00 0:00
Derick Brassard 0 0 0 -1 2 0 1 0 1 0 6/12 16:35 2:23 0:00
Eric Fehr 4 3 7 5 0 8 1 1 0 0 1/1 20:05 4:48 0:00
John-Michael Liles 0 2 2 0 0 4 0 1 0 2 0/0 22:43 5:22 4:33
Jonathan Paiement 0 0 0 0 0 0 0 1 0 0 0/0 6:28 0:00 0:46
Karel Rachunek 0 2 2 2 0 1 1 2 2 1 0/0 26:13 5:22 5:05
Kyle Okposo 0 0 0 -1 0 0 1 0 1 0 0/0 15:23 2:46 0:00
Kyle Quincey 0 0 0 -1 0 0 0 0 0 0 0/0 16:03 2:23 0:21
Lars Eller 0 0 0 0 2 0 0 0 1 0 1/5 9:07 2:46 0:00
Mark Mancari 0 0 0 -1 2 0 0 0 0 0 1/3 9:43 0:11 1:53
Matt Lashoff 0 0 0 1 5 0 1 1 0 1 0/0 19:00 0:00 4:34
Max Pacioretty 1 1 2 5 0 3 0 0 0 0 0/2 20:15 4:48 0:34
Mike Funk 0 0 0 0 0 0 1 0 0 0 0/0 4:11 0:00 0:00
Mike Rathje 0 1 1 2 0 1 1 0 0 2 0/0 13:07 0:00 4:01
Niko Dimitrakos 0 0 0 0 0 1 0 0 0 0 0/0 5:43 0:00 5:09
Steven Kampfer 0 0 0 2 0 0 0 0 0 0 0/0 9:06 0:00 0:00
Ville Leino 0 0 0 -1 2 2 0 0 1 0 1/1 14:48 2:46 0:00
Vojtech Polak 0 0 0 0 0 2 1 0 0 1 0/0 9:12 0:00 2:30
Players Stats for Inferno
Player Name G A P +/- PIM S H SB GA TA FO MP PP MP PK MP
------------------------------------------------------------------------------------
Alex Berry 0 0 0 -2 0 0 1 0 1 0 0/0 7:58 0:10 0:00
Andrej Sekera 0 1 1 1 0 2 1 1 1 1 0/0 20:47 4:16 1:53
Brad Marchand 0 0 0 1 4 5 3 1 0 0 0/1 15:53 5:10 1:36
Branko Radivojevic 0 1 1 -1 0 1 1 1 2 0 3/4 22:23 5:10 2:32
Brayden Irwin 0 0 0 -2 2 0 1 0 0 0 2/3 7:17 0:00 0:00
Brendan Mikkelson 0 0 0 0 0 0 1 0 0 0 0/0 11:42 0:44 1:19
Brendan Smith 0 0 0 0 0 0 0 0 0 0 0/0 17:02 4:47 1:15
Brian Boyle 1 0 1 -1 0 1 5 0 0 0 8/21 20:15 4:20 5:17
Derek Meech 0 0 0 -4 0 1 2 2 1 2 0/0 23:23 0:00 5:28
Jay Pandolfo 1 1 2 -1 2 6 2 0 0 0 0/1 20:58 4:20 3:01
Jonathan Ferland 0 0 0 -1 0 1 5 0 0 0 0/0 16:33 4:20 1:34
Matt Carkner 0 0 0 1 0 3 3 0 0 3 0/0 23:19 5:24 4:11
Matt Kassian 0 0 0 -2 0 0 0 0 0 0 1/1 7:58 0:10 0:00
Matt Smaby 0 0 0 -4 19 1 2 1 2 1 0/0 23:32 4:09 2:22
Mikhail Grabovski 0 1 1 -1 0 4 2 0 0 0 20/29 21:14 5:10 1:34
Stephane Veilleux 0 0 0 -1 0 1 2 0 0 1 0/0 11:29 0:10 0:24
Vladimir Sobotka 1 0 1 1 0 2 0 2 0 0 5/8 9:00 0:00 0:00
Vladimir Zharkov 0 0 0 1 2 0 2 0 0 0 0/0 8:57 0:00 0:00
3 Stars
1 - Eric Fehr (Tol)
2 - Bryan Little (Tol)
3 - Max Pacioretty (Tol)
Power Play
Sewer Rats - 2 on 6 Attempt(s) - 33,33%
Inferno - 1 on 6 Attempt(s) - 16,67%
Penalty Kill
Sewer Rats - 5 on 6 Attempt(s) - 83,33%
- Score 0 goal in Penalty Kill
Inferno - 4 on 6 Attempt(s) - 66,67%
- Score 0 goal in Penalty Kill
Official
Referees : Kowal Tom and Fraser Kerry
Linesman : Pierre Champoux and Don Henderson
Game Notes
Matt Smaby and Matt Lashoff fight to a draw at 9:07 of 2nd period
Chris Holt enters game at 0:48 of 3rd period
Eric Fehr has scored a Hat Trick!
Sewer Rats
5 vs 5 Forward
Center Left Wing Right Wing Time % Phy DF OF
1 Bryan Little Max Pacioretty Eric Fehr 40 1 2 2
2 Derick Brassard Ville Leino Kyle Okposo 30 1 2 2
3 Brandon Sutter Antti Laaksonen Mark Mancari 15 1 2 2
4 Lars Eller Vojtech Polak Derek Dorsett 15 1 2 2
5 vs 5 Defense
Defense Defense Time % Phy DF OF
1 Matt Lashoff Karel Rachunek 35 1 2 2
2 Kyle Quincey John-Michael Liles 30 1 2 2
3 Steven Kampfer Mike Rathje 25 1 2 2
4 Jonathan Paiement Mike Funk 10 1 2 2
PowerPlay Forward
Center Left Wing Right Wing Time % Phy DF OF
1 Bryan Little Max Pacioretty Eric Fehr 60 1 2 2
2 Lars Eller Ville Leino Kyle Okposo 40 1 2 2
PowerPlay Defense
Defense Defense Time % Phy DF OF
1 John-Michael Liles Karel Rachunek 60 1 2 2
2 Derick Brassard Kyle Quincey 40 1 2 2
Penalty Kill 4 Players Forward
Center Wing Time % Phy DF OF
1 Brandon Sutter Niko Dimitrakos 60 1 2 2
2 Antti Laaksonen Vojtech Polak 40 1 2 2
Penalty Kill 4 Players Defense
Defense Defense Time % Phy DF OF
1 Matt Lashoff Karel Rachunek 60 1 2 2
2 John-Michael Liles Mike Rathje 40 1 2 2
Penalty Kill - 3 Players Forward
Forward Time % Phy DF OF
1 Bryan Little 60 1 2 2
2 Eric Fehr 40 1 2 2
Penalty Kill - 3 Players Defense
Defense Defense Time % Phy DF OF
1 Matt Lashoff Karel Rachunek 60 1 2 2
2 John-Michael Liles Mike Rathje 40 1 2 2
4 vs 4 Forward
Center Wing Time % Phy DF OF
1 Derick Brassard Eric Fehr 60 1 2 2
2 Bryan Little Niko Dimitrakos 40 1 2 2
4 vs 4 Defense
Defense Defense Time % Phy DF OF
1 John-Michael Liles Karel Rachunek 60 1 2 2
2 Kyle Quincey Matt Lashoff 40 1 2 2
Last Minutes Offensive
Center Left Wing Right Wing Defense Defense
Derick Brassard Max Pacioretty Kyle Okposo John-Michael Liles Karel Rachunek
Last Minutes Defensive
Center Left Wing Right Wing Defense Defense
Bryan Little Ville Leino Eric Fehr John-Michael Liles Karel Rachunek
Goaltenders
Starting : Jonas Gustavsson
Backup : Jhonas Enroth
Extra Forwards
Normal : Kyle Okposo, Max Pacioretty, Mark Mancari - PP : Kyle Okposo, Max Pacioretty - PK : Mark Mancari
Extra Defensemen
Normal : Kyle Quincey, John-Michael Liles, Jonathan Paiement - PP : Kyle Quincey - PK : John-Michael Liles, Jonathan Paiement
Penalty Shots
Kyle Okposo, Eric Fehr, Derick Brassard, Niko Dimitrakos, Max Pacioretty
Inferno
5 vs 5 Forward
Center Left Wing Right Wing Time % Phy DF OF
1 Mikhail Grabovski Jay Pandolfo Branko Radivojevic 40 1 2 2
2 Brian Boyle Stephane Veilleux Jonathan Ferland 30 1 2 2
3 Vladimir Sobotka Brad Marchand Vladimir Zharkov 20 1 2 2
4 Brayden Irwin Matt Kassian Alex Berry 10 1 2 2
5 vs 5 Defense
Defense Defense Time % Phy DF OF
1 Derek Meech Matt Smaby 40 1 2 2
2 Andrej Sekera Matt Carkner 30 1 2 2
3 Brendan Mikkelson Brendan Smith 20 1 2 2
4 Andrej Sekera Matt Smaby 10 1 2 2
PowerPlay Forward
Center Left Wing Right Wing Time % Phy DF OF
1 Mikhail Grabovski Brad Marchand Branko Radivojevic 60 1 2 2
2 Brian Boyle Jay Pandolfo Jonathan Ferland 40 1 2 2
PowerPlay Defense
Defense Defense Time % Phy DF OF
1 Matt Carkner Matt Smaby 60 1 2 2
2 Andrej Sekera Brendan Smith 40 1 2 2
Penalty Kill 4 Players Forward
Center Wing Time % Phy DF OF
1 Brian Boyle Jay Pandolfo 60 1 2 2
2 Mikhail Grabovski Jonathan Ferland 40 1 2 2
Penalty Kill 4 Players Defense
Defense Defense Time % Phy DF OF
1 Derek Meech Matt Smaby 60 1 2 2
2 Andrej Sekera Matt Carkner 40 1 2 2
Penalty Kill - 3 Players Forward
Forward Time % Phy DF OF
1 Brian Boyle 60 1 2 2
2 Jay Pandolfo 40 1 2 2
Penalty Kill - 3 Players Defense
Defense Defense Time % Phy DF OF
1 Derek Meech Matt Smaby 60 1 2 2
2 Andrej Sekera Matt Carkner 40 1 2 2
4 vs 4 Forward
Center Wing Time % Phy DF OF
1 Mikhail Grabovski Branko Radivojevic 60 1 2 2
2 Brian Boyle Jay Pandolfo 40 1 2 2
4 vs 4 Defense
Defense Defense Time % Phy DF OF
1 Derek Meech Matt Smaby 60 1 2 2
2 Andrej Sekera Brendan Smith 40 1 2 2
Last Minutes Offensive
Center Left Wing Right Wing Defense Defense
Mikhail Grabovski Jay Pandolfo Branko Radivojevic Derek Meech Matt Smaby
Last Minutes Defensive
Center Left Wing Right Wing Defense Defense
Mikhail Grabovski Jay Pandolfo Branko Radivojevic Derek Meech Matt Smaby
Goaltenders
Starting : Jonathan Boutin
Backup : Chris Holt
Extra Forwards
Normal : Brad Marchand, Jonathan Ferland, Stephane Veilleux - PP : Brad Marchand, Stephane Veilleux - PK : Branko Radivojevic
Extra Defensemen
Normal : Derek Meech, Andrej Sekera, Brendan Smith - PP : Brendan Smith - PK : Matt Carkner, Brendan Mikkelson
Penalty Shots
Brad Marchand, Mikhail Grabovski, Jay Pandolfo, Branko Radivojevic, Matt Smaby
% Time on Ice - Sewer Rats
Lines # - Real PCT - Wanted PCT - Time Play
Normal Forward
1 - 37% - 40% - 14:57
2 - 31% - 30% - 12:23
3 - 17% - 15% - 6:54
4 - 16% - 15% - 6:22
Normal Defense
1 - 38% - 35% - 15:18
2 - 30% - 30% - 12:01
3 - 22% - 25% - 9:06
4 - 10% - 10% - 4:11
PP Forward
1 - 64% - 60% - 4:59
2 - 36% - 40% - 2:46
PP Defense
1 - 69% - 60% - 5:22
2 - 31% - 40% - 2:23
PK Forward
1 - 74% - 60% - 7:10
2 - 26% - 40% - 2:30
PK Defense
1 - 58% - 60% - 5:39
2 - 42% - 40% - 4:01
PK3 Forward
1 - 0% - 60%
2 - 0% - 40%
PK3 Defense
1 - 0% - 60%
2 - 0% - 40%
44 Forward
1 - 76% - 60% - 1:30
2 - 24% - 40% - 0:29
44 Defense
1 - 55% - 60% - 1:06
2 - 45% - 40% - 0:53
Last Minute Offensive - 0:00
Last Minute Defensive - 0:00
Total
Forward - 60:00
Defense - 60:00
|
% Time on Ice - Inferno
Lines # - Real PCT - Wanted PCT - Time Play
Normal Forward
1 - 35% - 40% - 14:22
2 - 25% - 30% - 10:02
3 - 22% - 20% - 8:58
4 - 18% - 10% - 7:14
Normal Defense
1 - 42% - 40% - 17:11
2 - 31% - 30% - 12:32
3 - 23% - 20% - 9:31
4 - 3% - 10% - 1:22
PP Forward
1 - 55% - 60% - 5:20
2 - 45% - 40% - 4:20
PP Defense
1 - 63% - 60% - 6:08
2 - 37% - 40% - 3:32
PK Forward
1 - 80% - 60% - 6:11
2 - 20% - 40% - 1:34
PK Defense
1 - 80% - 60% - 6:14
2 - 20% - 40% - 1:31
PK3 Forward
1 - 100% - 60% - 0:29
2 - 0% - 40% - 0:00
PK3 Defense
1 - 100% - 60% - 0:29
2 - 0% - 40% - 0:00
44 Forward
1 - 100% - 60% - 1:30
2 - 0% - 40% - 0:00
44 Defense
1 - 66% - 60% - 0:59
2 - 34% - 40% - 0:31
Last Minute Offensive - 0:00
Last Minute Defensive - 0:00
Total
Forward - 60:00
Defense - 60:00
|
Play by Play
1st period
0:01 of 1st period - Bryan Little wins face-off versus Mikhail Grabovski in neutral zone.
0:26 of 1st period - Derick Brassard is hit by Brian Boyle and loses puck.
0:35 of 1st period - Snap shot by Brian Boyle.
0:35 of 1st period - Shot Misses the Net.
0:47 of 1st period - Snap shot by John-Michael Liles.
0:47 of 1st period - Stopped by Jonathan Boutin without a rebound.
0:48 of 1st period - Lars Eller wins face-off versus Vladimir Sobotka in Inferno zone.
0:53 of 1st period - Snap shot by John-Michael Liles.
0:53 of 1st period - Stopped by Jonathan Boutin with a rebound.
1:23 of 1st period - Wrist shot by Mark Mancari.
1:23 of 1st period - Shot Misses the Net.
1:25 of 1st period - Snap shot by Antti Laaksonen.
1:25 of 1st period - Shot Hit the Post.
1:37 of 1st period - Snap shot by Bryan Little.
1:37 of 1st period - Stopped by Jonathan Boutin without a rebound.
1:38 of 1st period - Brayden Irwin wins face-off versus Bryan Little in Inferno zone.
1:49 of 1st period - Wrist shot by Bryan Little.
1:49 of 1st period - Stopped by Jonathan Boutin with a rebound.
1:51 of 1st period - Snap shot by Mike Rathje.
1:51 of 1st period - Stopped by Jonathan Boutin with a rebound.
1:53 of 1st period - Slapshot by Mike Rathje.
1:53 of 1st period - Deflect By Eric Fehr.
1:53 of 1st period - Goal by Eric Fehr - Sewer Rats : 1 - Inferno : 0.
1:54 of 1st period - Derick Brassard wins face-off versus Brian Boyle in neutral zone.
1:57 of 1st period - Andrej Sekera is hit by Mike Funk and loses puck.
2:22 of 1st period - Wrist shot by Bryan Little.
2:22 of 1st period - Stopped by Jonathan Boutin with a rebound.
2:24 of 1st period - Slapshot by Jonathan Paiement.
2:24 of 1st period - Shot Misses the Net.
2:28 of 1st period - Wrist shot by Max Pacioretty.
2:28 of 1st period - Shot Blocked by Andrej Sekera.
2:30 of 1st period - Backhand shot by Jonathan Paiement.
2:30 of 1st period - Shot Blocked by Branko Radivojevic.
2:32 of 1st period - Wrist shot by Eric Fehr.
2:32 of 1st period - Stopped by Jonathan Boutin with a rebound.
2:39 of 1st period - Minor Penalty to Brandon Sutter for Hooking.
2:40 of 1st period - Mark Mancari wins face-off versus Mikhail Grabovski in Sewer Rats zone.
3:28 of 1st period - Icing by Mikhail Grabovski.
3:29 of 1st period - Mikhail Grabovski wins face-off versus Mark Mancari in Inferno zone.
3:56 of 1st period - Wrist shot by Jay Pandolfo.
3:56 of 1st period - Stopped by Jonas Gustavsson with a rebound.
4:39 of 1st period - Penalty to Brandon Sutter is over, Brandon Sutter is back on ice.
4:50 of 1st period - Snap shot by Matt Smaby.
4:50 of 1st period - Shot Misses the Net.
4:52 of 1st period - Slapshot by Matt Smaby.
4:52 of 1st period - Stopped by Jonas Gustavsson with a rebound.
5:32 of 1st period - Snap shot by Ville Leino.
5:32 of 1st period - Stopped by Jonathan Boutin without a rebound.
5:33 of 1st period - Derick Brassard wins face-off versus Mikhail Grabovski in Inferno zone.
6:20 of 1st period - Snap shot by Brad Marchand.
6:20 of 1st period - Shot Blocked by Bryan Little.
6:46 of 1st period - Slapshot by Matt Carkner.
6:46 of 1st period - Stopped by Jonas Gustavsson without a rebound.
6:47 of 1st period - Bryan Little wins face-off versus Mikhail Grabovski in Sewer Rats zone.
7:02 of 1st period - Slapshot by Eric Fehr.
7:02 of 1st period - Goal by Eric Fehr - Sewer Rats : 2 - Inferno : 0.
7:03 of 1st period - Mikhail Grabovski wins face-off versus Bryan Little in neutral zone.
7:08 of 1st period - Snap shot by Mikhail Grabovski.
7:08 of 1st period - Deflect By Bryan Little.
7:08 of 1st period - Stopped by Jonas Gustavsson with a rebound.
7:10 of 1st period - Snap shot by Mikhail Grabovski.
7:10 of 1st period - Shot Misses the Net.
7:12 of 1st period - Slapshot by Derek Meech.
7:12 of 1st period - Stopped by Jonas Gustavsson with a rebound.
7:14 of 1st period - Slapshot by Jay Pandolfo.
7:14 of 1st period - Deflect By Mikhail Grabovski.
7:14 of 1st period - Shot Misses the Net.
7:14 of 1st period - Puck is out of play.
7:15 of 1st period - Mikhail Grabovski wins face-off versus Derick Brassard in Sewer Rats zone.
7:41 of 1st period - John-Michael Liles is hit by Matt Smaby and loses puck.
7:50 of 1st period - Backhand shot by Brad Marchand.
7:50 of 1st period - Stopped by Jonas Gustavsson with a rebound.
8:08 of 1st period - Minor Penalty to Derick Brassard for High sticking.
8:09 of 1st period - Mikhail Grabovski wins face-off versus Brandon Sutter in Sewer Rats zone.
9:08 of 1st period - Mike Rathje is hit by Brad Marchand and loses puck.
10:08 of 1st period - Penalty to Derick Brassard is over, Derick Brassard is back on ice.
10:12 of 1st period - Wrist shot by Niko Dimitrakos.
10:12 of 1st period - Stopped by Jonathan Boutin without a rebound.
10:13 of 1st period - Brayden Irwin wins face-off versus Bryan Little in Inferno zone.
10:23 of 1st period - Off-side.
10:24 of 1st period - Bryan Little wins face-off versus Brian Boyle in neutral zone.
10:27 of 1st period - Snap shot by Bryan Little.
10:27 of 1st period - Deflect By Max Pacioretty.
10:27 of 1st period - Stopped by Jonathan Boutin without a rebound.
10:28 of 1st period - Brian Boyle wins face-off versus Bryan Little in Inferno zone.
10:28 of 1st period - Brian Boyle is hit by Mike Rathje.
11:05 of 1st period - Icing by Mike Rathje.
11:06 of 1st period - Brandon Sutter wins face-off versus Vladimir Sobotka in Sewer Rats zone.
11:06 of 1st period - Brandon Sutter is hit by Brad Marchand.
11:18 of 1st period - Snap shot by Mark Mancari.
11:18 of 1st period - Shot Misses the Net.
11:20 of 1st period - Wrist shot by Brandon Sutter.
11:20 of 1st period - Stopped by Jonathan Boutin without a rebound.
11:21 of 1st period - Mikhail Grabovski wins face-off versus Bryan Little in Inferno zone.
11:59 of 1st period - Wrist shot by Bryan Little.
11:59 of 1st period - Goal by Bryan Little - Sewer Rats : 3 - Inferno : 0.
12:00 of 1st period - Derick Brassard wins face-off versus Brian Boyle in neutral zone.
12:07 of 1st period - Slapshot by Ville Leino.
12:07 of 1st period - Shot Misses the Net.
12:25 of 1st period - Jay Pandolfo is hit by Matt Lashoff and loses puck.
12:40 of 1st period - Icing by John-Michael Liles.
12:41 of 1st period - Bryan Little wins face-off versus Brian Boyle in Sewer Rats zone.
12:49 of 1st period - Off-side.
12:50 of 1st period - Brian Boyle wins face-off versus Lars Eller in neutral zone.
13:36 of 1st period - Icing by Vojtech Polak.
13:37 of 1st period - Mikhail Grabovski wins face-off versus Lars Eller in Sewer Rats zone.
13:40 of 1st period - Wrist shot by Branko Radivojevic.
13:40 of 1st period - Shot Blocked by Karel Rachunek.
13:49 of 1st period - Snap shot by Vojtech Polak.
13:49 of 1st period - Stopped by Jonathan Boutin without a rebound.
13:50 of 1st period - Mikhail Grabovski wins face-off versus Derick Brassard in Inferno zone.
13:59 of 1st period - Wrist shot by Jay Pandolfo.
13:59 of 1st period - Goal by Jay Pandolfo - Sewer Rats : 3 - Inferno : 1.
14:00 of 1st period - Mikhail Grabovski wins face-off versus Bryan Little in neutral zone.
14:10 of 1st period - Minor Penalty to Bryan Little for Hooking.
14:11 of 1st period - Mikhail Grabovski wins face-off versus Brandon Sutter in Sewer Rats zone.
14:36 of 1st period - Matt Lashoff is hit by Jay Pandolfo and loses puck.
14:43 of 1st period - Slapshot by Brian Boyle.
14:43 of 1st period - Goal by Brian Boyle - Sewer Rats : 3 - Inferno : 2.
14:44 of 1st period - Mikhail Grabovski wins face-off versus Bryan Little in neutral zone.
14:57 of 1st period - Snap shot by Eric Fehr.
14:57 of 1st period - Stopped by Jonathan Boutin with a rebound.
14:59 of 1st period - Slapshot by Bryan Little.
14:59 of 1st period - Stopped by Jonathan Boutin with a rebound.
15:18 of 1st period - Snap shot by Brad Marchand.
15:18 of 1st period - Stopped by Jonas Gustavsson with a rebound.
16:52 of 1st period - Mark Mancari is hit by Andrej Sekera and loses puck.
17:13 of 1st period - Slapshot by Andrej Sekera.
17:13 of 1st period - Stopped by Jonas Gustavsson with a rebound.
17:27 of 1st period - Jay Pandolfo is hit by Kyle Okposo and loses puck.
17:37 of 1st period - Slapshot by Karel Rachunek.
17:37 of 1st period - Stopped by Jonathan Boutin without a rebound.
17:38 of 1st period - Vladimir Sobotka wins face-off versus Bryan Little in Inferno zone.
17:49 of 1st period - Slapshot by Bryan Little.
17:49 of 1st period - Shot Misses the Net.
17:51 of 1st period - Wrist shot by Eric Fehr.
17:51 of 1st period - Shot Blocked by Brad Marchand.
18:14 of 1st period - Backhand shot by Jay Pandolfo.
18:14 of 1st period - Stopped by Jonas Gustavsson with a rebound.
18:47 of 1st period - Icing by Matt Smaby.
18:48 of 1st period - Brian Boyle wins face-off versus Lars Eller in Inferno zone.
19:18 of 1st period - Snap shot by Jay Pandolfo.
19:18 of 1st period - Shot Blocked by Eric Fehr.
19:38 of 1st period - Derick Brassard is hit by Vladimir Zharkov.
19:55 of 1st period - Off-side.
19:56 of 1st period - Brandon Sutter wins face-off versus Brayden Irwin in neutral zone.
2nd period
0:01 of 2nd period - Bryan Little wins face-off versus Mikhail Grabovski in neutral zone.
0:26 of 2nd period - Matt Lashoff is hit by Matt Smaby.
0:40 of 2nd period - Derick Brassard is hit by Derek Meech.
0:51 of 2nd period - Wrist shot by Brad Marchand.
0:51 of 2nd period - Shot Misses the Net.
0:53 of 2nd period - Wrist shot by Vladimir Sobotka.
0:53 of 2nd period - Shot Misses the Net.
0:55 of 2nd period - Slapshot by Matt Smaby.
0:55 of 2nd period - Shot Misses the Net.
0:57 of 2nd period - Slapshot by Matt Smaby.
0:57 of 2nd period - Shot Misses the Net.
0:59 of 2nd period - Wrist shot by Vladimir Sobotka.
0:59 of 2nd period - Stopped by Jonas Gustavsson without a rebound.
1:00 of 2nd period - Eric Fehr wins face-off versus Jay Pandolfo in Sewer Rats zone.
1:00 of 2nd period - Eric Fehr is hit by Matt Carkner.
1:48 of 2nd period - Snap shot by Vojtech Polak.
1:48 of 2nd period - Stopped by Jonathan Boutin with a rebound.
2:47 of 2nd period - Brandon Sutter is hit by Vladimir Zharkov.
2:51 of 2nd period - Brandon Sutter is hit by Brad Marchand and loses puck.
3:37 of 2nd period - Off-side.
3:38 of 2nd period - Bryan Little wins face-off versus Brian Boyle in neutral zone.
3:48 of 2nd period - Eric Fehr is hit by Jonathan Ferland and loses puck.
4:03 of 2nd period - Snap shot by Matt Smaby.
4:03 of 2nd period - Shot Blocked by John-Michael Liles.
5:18 of 2nd period - Snap shot by Mikhail Grabovski.
5:18 of 2nd period - Stopped by Jonas Gustavsson without a rebound.
5:19 of 2nd period - Ville Leino wins face-off versus Brian Boyle in Sewer Rats zone.
5:19 of 2nd period - Ville Leino is hit by Jonathan Ferland.
7:47 of 2nd period - Wrist shot by Branko Radivojevic.
7:47 of 2nd period - Shot Misses the Net.
8:03 of 2nd period - John-Michael Liles is hit by Stephane Veilleux and loses puck.
8:16 of 2nd period - Wrist shot by Bryan Little.
8:16 of 2nd period - Shot Misses the Net.
8:19 of 2nd period - Icing by Matt Smaby.
8:20 of 2nd period - Vladimir Sobotka wins face-off versus Bryan Little in Inferno zone.
8:35 of 2nd period - Wrist shot by Eric Fehr.
8:35 of 2nd period - Stopped by Jonathan Boutin with a rebound.
8:37 of 2nd period - Wrist shot by Eric Fehr.
8:37 of 2nd period - Shot Misses the Net.
8:39 of 2nd period - Snap shot by Bryan Little.
8:39 of 2nd period - Shot Blocked by Vladimir Sobotka.
8:41 of 2nd period - Slapshot by Karel Rachunek.
8:41 of 2nd period - Shot Blocked by Vladimir Sobotka.
8:46 of 2nd period - Minor Penalty to Vladimir Zharkov for Hooking.
8:47 of 2nd period - Brian Boyle wins face-off versus Bryan Little in Inferno zone.
8:56 of 2nd period - Slapshot by John-Michael Liles.
8:56 of 2nd period - Stopped by Jonathan Boutin with a rebound.
8:58 of 2nd period - Wrist shot by Max Pacioretty.
8:58 of 2nd period - Shot Misses the Net.
9:00 of 2nd period - Slapshot by John-Michael Liles.
9:00 of 2nd period - Shot Misses the Net.
9:02 of 2nd period - Wrist shot by Max Pacioretty.
9:02 of 2nd period - Goal by Max Pacioretty - Sewer Rats : 4 - Inferno : 2.
9:03 of 2nd period - Mikhail Grabovski wins face-off versus Max Pacioretty in neutral zone.
9:06 of 2nd period - Slapshot by Jay Pandolfo.
9:06 of 2nd period - Stopped by Jonas Gustavsson without a rebound.
9:07 of 2nd period - Bryan Little wins face-off versus Mikhail Grabovski in Sewer Rats zone.
9:07 of 2nd period - Matt Smaby and Matt Lashoff fight to a draw.
9:07 of 2nd period - Penalty to Matt Smaby for Fighting.
9:07 of 2nd period - Penalty to Matt Lashoff for Fighting.
9:07 of 2nd period - Penalty to Matt Smaby for instigated a fight.
9:07 of 2nd period - Penalty to Matt Smaby for instigated a fight.
9:08 of 2nd period - Bryan Little wins face-off versus Brian Boyle in Sewer Rats zone.
9:51 of 2nd period - Derick Brassard is hit by Jonathan Ferland and loses puck.
10:28 of 2nd period - Snap shot by Branko Radivojevic.
10:28 of 2nd period - Stopped by Jonas Gustavsson without a rebound.
10:29 of 2nd period - Branko Radivojevic wins face-off versus Bryan Little in Sewer Rats zone.
10:34 of 2nd period - Slapshot by Brad Marchand.
10:34 of 2nd period - Shot Misses the Net.
10:37 of 2nd period - Minor Penalty to Brad Marchand for Tripping.
10:37 of 2nd period - Minor Penalty to Bryan Little for Slashing.
10:38 of 2nd period - Brian Boyle wins face-off versus Derick Brassard in neutral zone.
10:43 of 2nd period - Eric Fehr is hit by Brian Boyle.
10:47 of 2nd period - Derek Meech is hit by Eric Fehr and loses puck.
11:07 of 2nd period - Penalty to Matt Smaby is over, Branko Radivojevic is send on ice.
12:16 of 2nd period - Icing by Mikhail Grabovski.
12:17 of 2nd period - Mikhail Grabovski wins face-off versus Max Pacioretty in Inferno zone.
12:37 of 2nd period - Penalty to Brad Marchand is over, Brad Marchand is back on ice.
12:37 of 2nd period - Penalty to Bryan Little is over, Bryan Little is back on ice.
12:38 of 2nd period - Eric Fehr is hit by Stephane Veilleux and loses puck.
12:42 of 2nd period - Icing by Karel Rachunek.
12:43 of 2nd period - Derick Brassard wins face-off versus Vladimir Sobotka in Sewer Rats zone.
12:49 of 2nd period - Off-side.
12:50 of 2nd period - Vladimir Sobotka wins face-off versus Brandon Sutter in neutral zone.
13:03 of 2nd period - Wrist shot by Mark Mancari.
13:03 of 2nd period - Shot Misses the Net.
13:14 of 2nd period - Off-side.
13:15 of 2nd period - Mikhail Grabovski wins face-off versus Lars Eller in neutral zone.
13:19 of 2nd period - Minor Penalty to Lars Eller for Roughing.
13:20 of 2nd period - Mikhail Grabovski wins face-off versus Brandon Sutter in Sewer Rats zone.
13:45 of 2nd period - Niko Dimitrakos is hit by Jonathan Ferland and loses puck.
14:07 of 2nd period - Penalty to Matt Lashoff is over, Matt Lashoff is back on ice.
15:19 of 2nd period - Penalty to Lars Eller is over, Lars Eller is back on ice.
15:25 of 2nd period - Ville Leino is hit by Brendan Mikkelson and loses puck.
15:30 of 2nd period - Wrist shot by Stephane Veilleux.
15:30 of 2nd period - Shot Misses the Net.
15:39 of 2nd period - Icing by Matt Lashoff.
15:40 of 2nd period - Bryan Little wins face-off versus Brian Boyle in Sewer Rats zone.
15:57 of 2nd period - Minor Penalty to Brayden Irwin for Cross-checking.
15:58 of 2nd period - Bryan Little wins face-off versus Brian Boyle in Inferno zone.
16:05 of 2nd period - Snap shot by Eric Fehr.
16:05 of 2nd period - Shot Misses the Net.
17:36 of 2nd period - John-Michael Liles is hit by Mikhail Grabovski and loses puck.
17:54 of 2nd period - Icing by Derick Brassard.
17:55 of 2nd period - Branko Radivojevic wins face-off versus Brandon Sutter in Sewer Rats zone.
17:57 of 2nd period - Penalty to Brayden Irwin is over, Brayden Irwin is back on ice.
18:00 of 2nd period - Slapshot by Brad Marchand.
18:00 of 2nd period - Stopped by Jonas Gustavsson without a rebound.
18:01 of 2nd period - Vladimir Sobotka wins face-off versus Brandon Sutter in Sewer Rats zone.
18:04 of 2nd period - Wrist shot by Brad Marchand.
18:04 of 2nd period - Stopped by Jonas Gustavsson with a rebound.
18:26 of 2nd period - Max Pacioretty is hit by Derek Meech and loses puck.
18:36 of 2nd period - Minor Penalty to Jay Pandolfo for Interference.
18:37 of 2nd period - Bryan Little wins face-off versus Brian Boyle in Inferno zone.
18:38 of 2nd period - Snap shot by Eric Fehr.
18:38 of 2nd period - Shot Misses the Net.
19:07 of 2nd period - 10 Minutes Game Misconduct Penalty to Matt Smaby is over.
19:12 of 2nd period - Slapshot by Ville Leino.
19:12 of 2nd period - Deflect By Brad Marchand.
19:12 of 2nd period - Stopped by Jonathan Boutin without a rebound.
19:13 of 2nd period - Bryan Little wins face-off versus Brad Marchand in Inferno zone.
19:27 of 2nd period - Off-side.
19:28 of 2nd period - Bryan Little wins face-off versus Branko Radivojevic in neutral zone.
19:32 of 2nd period - Off-side.
19:33 of 2nd period - Branko Radivojevic wins face-off versus Bryan Little in neutral zone.
3rd period
0:01 of 3rd period - Brian Boyle wins face-off versus Bryan Little in neutral zone.
0:23 of 3rd period - Eric Fehr is hit by Brian Boyle and loses puck.
0:36 of 3rd period - Penalty to Jay Pandolfo is over, Jay Pandolfo is back on ice.
0:46 of 3rd period - Snap shot by Karel Rachunek.
0:46 of 3rd period - Shot Misses the Net.
0:48 of 3rd period - Wrist shot by Bryan Little.
0:48 of 3rd period - Goal by Bryan Little - Sewer Rats : 5 - Inferno : 2.
0:48 of 3rd period - Chris Holt enters game.
0:49 of 3rd period - Mikhail Grabovski wins face-off versus Derick Brassard in neutral zone.
0:54 of 3rd period - Snap shot by Matt Carkner.
0:54 of 3rd period - Stopped by Jonas Gustavsson without a rebound.
0:55 of 3rd period - Derick Brassard wins face-off versus Mikhail Grabovski in Sewer Rats zone.
1:25 of 3rd period - Slapshot by Jay Pandolfo.
1:25 of 3rd period - Shot Misses the Net.
1:45 of 3rd period - Snap shot by Jay Pandolfo.
1:45 of 3rd period - Stopped by Jonas Gustavsson without a rebound.
1:46 of 3rd period - Bryan Little wins face-off versus Brian Boyle in Sewer Rats zone.
1:46 of 3rd period - Bryan Little is hit by Jonathan Ferland.
1:52 of 3rd period - Snap shot by Bryan Little.
1:52 of 3rd period - Shot Misses the Net.
1:54 of 3rd period - Backhand shot by Max Pacioretty.
1:54 of 3rd period - Shot Blocked by Derek Meech.
1:56 of 3rd period - Slapshot by John-Michael Liles.
1:56 of 3rd period - Stopped by Chris Holt with a rebound.
1:58 of 3rd period - Snap shot by Max Pacioretty.
1:58 of 3rd period - Shot Misses the Net.
2:00 of 3rd period - Wrist shot by Eric Fehr.
2:00 of 3rd period - Goal by Eric Fehr - Sewer Rats : 6 - Inferno : 2.
2:01 of 3rd period - Bryan Little wins face-off versus Mikhail Grabovski in neutral zone.
2:47 of 3rd period - Slapshot by Andrej Sekera.
2:47 of 3rd period - Stopped by Jonas Gustavsson with a rebound.
2:49 of 3rd period - Wrist shot by Vladimir Sobotka.
2:49 of 3rd period - Goal by Vladimir Sobotka - Sewer Rats : 6 - Inferno : 3.
2:50 of 3rd period - Mikhail Grabovski wins face-off versus Bryan Little in neutral zone.
3:01 of 3rd period - Wrist shot by Eric Fehr.
3:01 of 3rd period - Shot Misses the Net.
3:22 of 3rd period - Wrist shot by Kyle Okposo.
3:22 of 3rd period - Shot Blocked by Derek Meech.
3:24 of 3rd period - Snap shot by Kyle Okposo.
3:24 of 3rd period - Deflect By Ville Leino.
3:24 of 3rd period - Shot Blocked by Matt Smaby.
3:24 of 3rd period - Puck is out of play.
3:25 of 3rd period - Bryan Little wins face-off versus Brian Boyle in Inferno zone.
4:24 of 3rd period - Off-side.
4:25 of 3rd period - Derick Brassard wins face-off versus Mikhail Grabovski in neutral zone.
4:38 of 3rd period - Derick Brassard is hit by Jay Pandolfo and loses puck.
5:05 of 3rd period - Wrist shot by Brad Marchand.
5:05 of 3rd period - Stopped by Jonas Gustavsson with a rebound.
5:39 of 3rd period - Matt Lashoff is hit by Matt Carkner and loses puck.
5:58 of 3rd period - Snap shot by Mikhail Grabovski.
5:58 of 3rd period - Deflect By Karel Rachunek.
5:58 of 3rd period - Stopped by Jonas Gustavsson with a rebound.
6:00 of 3rd period - Slapshot by Brendan Smith.
6:00 of 3rd period - Deflect By Jay Pandolfo.
6:00 of 3rd period - Stopped by Jonas Gustavsson with a rebound.
6:02 of 3rd period - Slapshot by Brendan Smith.
6:02 of 3rd period - Shot Blocked by Karel Rachunek.
6:04 of 3rd period - Slapshot by Branko Radivojevic.
6:04 of 3rd period - Shot Misses the Net.
6:06 of 3rd period - Snap shot by Mikhail Grabovski.
6:06 of 3rd period - Stopped by Jonas Gustavsson with a rebound.
6:25 of 3rd period - Minor Penalty to Mark Mancari for High sticking.
6:26 of 3rd period - Mikhail Grabovski wins face-off versus Brandon Sutter in Sewer Rats zone.
7:37 of 3rd period - Snap shot by Bryan Little.
7:37 of 3rd period - Shot Misses the Net.
7:51 of 3rd period - Jonathan Ferland is hit by Brandon Sutter and loses puck.
8:25 of 3rd period - Penalty to Mark Mancari is over, Mark Mancari is back on ice.
8:26 of 3rd period - Mark Mancari is hit by Alex Berry and loses puck.
8:43 of 3rd period - Minor Penalty to Matt Smaby for Holding.
8:44 of 3rd period - Bryan Little wins face-off versus Brian Boyle in Inferno zone.
8:45 of 3rd period - Snap shot by Eric Fehr.
8:45 of 3rd period - Goal by Eric Fehr - Sewer Rats : 7 - Inferno : 3.
8:46 of 3rd period - Mikhail Grabovski wins face-off versus Bryan Little in neutral zone.
9:13 of 3rd period - Kyle Okposo is hit by Brian Boyle and loses puck.
9:45 of 3rd period - Matt Lashoff is hit by Matt Carkner and loses puck.
9:53 of 3rd period - Icing by Brandon Sutter.
9:54 of 3rd period - Matt Kassian wins face-off versus Bryan Little in Sewer Rats zone.
10:14 of 3rd period - Brayden Irwin is hit by Bryan Little and loses puck.
10:25 of 3rd period - Snap shot by Bryan Little.
10:25 of 3rd period - Shot Misses the Net.
10:35 of 3rd period - Bryan Little is hit by Brayden Irwin and loses puck.
10:44 of 3rd period - Wrist shot by Matt Carkner.
10:44 of 3rd period - Stopped by Jonas Gustavsson with a rebound.
10:50 of 3rd period - Slapshot by Alex Berry.
10:50 of 3rd period - Shot Blocked by Matt Lashoff.
10:52 of 3rd period - Snap shot by Andrej Sekera.
10:52 of 3rd period - Shot Blocked by Bryan Little.
11:30 of 3rd period - Snap shot by Eric Fehr.
11:30 of 3rd period - Shot Misses the Net.
11:32 of 3rd period - Snap shot by Eric Fehr.
11:32 of 3rd period - Stopped by Chris Holt without a rebound.
11:33 of 3rd period - Mikhail Grabovski wins face-off versus Derick Brassard in Inferno zone.
12:02 of 3rd period - Jonathan Ferland is hit by Vojtech Polak and loses puck.
13:18 of 3rd period - Lars Eller is hit by Branko Radivojevic.
13:25 of 3rd period - Icing by Mikhail Grabovski.
13:26 of 3rd period - Brian Boyle wins face-off versus Mark Mancari in Inferno zone.
13:59 of 3rd period - Andrej Sekera is hit by Derick Brassard and loses puck.
14:08 of 3rd period - Minor Penalty to Brad Marchand for Interference.
14:09 of 3rd period - Brian Boyle wins face-off versus Bryan Little in Inferno zone.
14:09 of 3rd period - Brian Boyle is hit by Karel Rachunek.
14:23 of 3rd period - Snap shot by Max Pacioretty.
14:23 of 3rd period - Stopped by Chris Holt with a rebound.
14:25 of 3rd period - Snap shot by John-Michael Liles.
14:25 of 3rd period - Shot Misses the Net.
15:53 of 3rd period - Max Pacioretty is hit by Brian Boyle.
16:08 of 3rd period - Penalty to Brad Marchand is over, Brad Marchand is back on ice.
16:55 of 3rd period - Mike Rathje is hit by Mikhail Grabovski and loses puck.
17:21 of 3rd period - Snap shot by Jonathan Ferland.
17:21 of 3rd period - Stopped by Jonas Gustavsson with a rebound.
17:23 of 3rd period - Wrist shot by Jonathan Ferland.
17:23 of 3rd period - Shot Blocked by Jonathan Paiement.
17:25 of 3rd period - Snap shot by Stephane Veilleux.
17:25 of 3rd period - Stopped by Jonas Gustavsson without a rebound.
17:26 of 3rd period - Vladimir Sobotka wins face-off versus Derick Brassard in Sewer Rats zone.
18:01 of 3rd period - Snap shot by Matt Smaby.
18:01 of 3rd period - Shot Misses the Net.
18:48 of 3rd period - Minor Penalty to Ville Leino for Hooking.
18:49 of 3rd period - Mikhail Grabovski wins face-off versus Brandon Sutter in Sewer Rats zone.
18:50 of 3rd period - Snap shot by Branko Radivojevic.
18:50 of 3rd period - Shot Misses the Net.
Output by the SimonT Hockey Simulator (STHS) for François Prévost -- Original Page W3C XHTML 1.0 Valid